 Dungeon Crawl Stone Soup version 0.26-a0-812-g31a745ddcd (webtiles) character file.

Game seed: 166001538058408200

1399 kae the Ruffian (level 8, 0/66 HPs)
             Began as a Grey Draconian Transmuter on Dec 3, 2020.
             Was an Initiate of Ru.
             Slain by a troll (12 damage)
             ... on level 6 of the Dungeon.
             The game lasted 00:06:41 (7975 turns).

kae the Ruffian (Grey Draconian Transmuter)         Turns: 7975, Time: 00:06:42

Health: 0/66       AC:  2    Str: 14    XL:     8   Next: 41%
Magic:  11/13      EV: 22    Int: 14    God:    Ru [......]
Gold:   365        SH:  0    Dex: 17    Spells: 5/14 levels left

rFire    + . .     SeeInvis .     - Unarmed
rCold    . . .     Faith    .   (shield currently unavailable)
rNeg     . . .     Spirit   .   (armour unavailable)
rPois    x         Reflect  .   (helmet currently unavailable)
rElec    .         Harm     .   (cloak currently unavailable)
rCorr    .         Rampage  .   (gloves currently unavailable)
MR       .....                  (boots currently unavailable)
Stlth    +.........             (no amulet)
HPRegen  0.21/turn              w - ring of protection from fire
MPRegen  0.13/turn              v - ring of attention (curse)

@: spider-form
A: tiny, (walk through water), unfitting armour, AC +11
a: End Transformation, Renounce Religion


You were on level 6 of the Dungeon.
You worshipped Ru.
Ru was noncommittal.
You were a venomous arachnid creature.
You visited 1 branch of the dungeon, and saw 6 of its levels.
You also visited: Sewer.

You collected 365 gold pieces.

Inventory:

Armour
 n - a +2 cloak (melded)
Jewellery
 c - an uncursed ring of protection from cold
 g - a +6 ring of intelligence
 l - a +4 ring of evasion
 p - an uncursed ring of wizardry
 v - a cursed ring of attention (right front leg)
 w - a ring of protection from fire (left front leg)
Wands
 o - a wand of digging (3)
Scrolls
 b - 3 scrolls of enchant armour
 d - 2 scrolls of identify
 f - 4 scrolls of teleportation
 s - 2 scrolls of amnesia
Potions
 a - 3 potions of attraction
 e - a potion of resistance
 h - 11 potions of curing {unknown}
 i - a potion of magic
 j - a potion of mutation
 k - 2 potions of flight {unknown}
 m - 3 potions of might {unknown}
 q - 2 potions of ambrosia
 r - 2 potions of lignification {unknown}
 t - 5 potions of heal wounds {unknown}
 u - 2 potions of haste {unknown}


   Skills:
 + Level 4.1 Fighting
 + Level 3.9 Dodging
 * Level 6.1 Unarmed Combat
 + Level 3.9 Spellcasting
 * Level 5.7 Transmutations
 - Level 2.0 Poison Magic


You had 5 spell levels left.
You knew the following spells:

 Your Spells              Type           Power        Failure   Level
a - Beastly Appendage     Tmut           ###...       8%          1
b - Spider Form           Tmut/Pois      ##........   28%         3
c - Blade Hands           Tmut           ###.......   67%         5

Your spell library contained the following spells:

 Spells                   Type           Power        Failure   Level
 Wereblood                Tmut           ###.....     10%         2
 Ice Form                 Ice/Tmut       ##......     73%         4


Dungeon Overview and Level Annotations

Branches:
Dungeon (6/15)             Temple (0/1) D:4           Sewer (visited)

Altars:
Ashenzari
Cheibriados
Dithmenos
Ru
Trog
The Shining One

Shops:
D:6 }

Annotations:
D:1 exclusion: gnoll


Innate Abilities, Weirdness & Mutations

((You can walk through water.))
((Your dull iron-grey scales are very hard. (AC +11)))
You cannot fit into any form of body armour.
((You can survive without breathing.))
((You are cold-blooded and may be slowed by cold attacks.))


Message History

The troll bites you! The troll closely misses you. The troll misses you.
You bite the troll!
The troll looks as sick as possible!
The troll is moderately wounded.
The troll misses you. The troll completely misses you. The troll claws you!
You are too injured to fight recklessly!
You are too injured to fight recklessly!
You are too injured to fight recklessly!
You hit the troll but do no damage.
The troll looks as sick as possible!
The troll is moderately wounded.
The troll barely misses you. The troll closely misses you.
The troll barely misses you.
You hit the troll.
The troll is heavily wounded.
The troll barely misses you. The troll closely misses you. The troll claws you!
You hit the troll.
The troll looks as sick as possible!
The troll is severely wounded.
The troll closely misses you. The troll claws you!
* * * LOW HITPOINT WARNING * * *
The troll claws you!
You die...

#.# #.# #.##.##
######.#
#.####.#.##
#...##.# #.......##
#...##.# ######.##
#...##.# ###
######..)##.#
........†.†.##**
#######.#####8.####
#.##..'.ZTs.##
#.#..8#..#8..#
#.#.####+###.#
#.#+#$[?=!l#'#
#.#.########.#
#.#..8#..#8..#
#.##..÷..'..##
#..####[8####
##....#'##


You could see a troll (extremely poisoned) and a howler monkey zombie.

Vanquished Creatures
  Duvessa (D:6)
  3 ogres
  2 big kobolds (Sewer)
  2 bullfrogs (D:6)
  Dowan (D:6)
  A scorpion (D:6)
  Crazy Yiuf (D:2)
  2 hounds (D:4)
  2 orc priests (D:4)
  An iguana (D:6)
  4 orc wizards
  2 worker ants (D:4)
  A hound skeleton (D:6)
  Robin (D:1)
  2 worker ant zombies
  3 gnolls
  6 adders
  4 river rats (Sewer)
  An adder skeleton (D:4)
  5 worms
  3 dart slugs
  10 leopard geckos
  11 orcs
  7 giant cockroaches
  16 goblins
  11 hobgoblins
  4 jackals (D:5)
  3 quokkas
  5 ball pythons
  4 bats
  5 frilled lizards
  20 kobolds
  A leopard gecko skeleton (D:4)
  A leopard gecko zombie (D:6)
  25 rats
171 creatures vanquished.

Vanquished Creatures (others)
  4 fungi (D:2)
  A plant (D:5)
5 creatures vanquished.

Grand Total: 176 creatures vanquished

Notes
Turn   | Place    | Note
-------+----------+-------------------------------------------
     0 | D:1      | kae the Draconian Transmuter began the quest for the Orb.
     0 | D:1      | Reached XP level 1. HP: 16/16 MP: 3/3
   114 | D:1      | Reached XP level 2. HP: 15/23 MP: 3/5
  1193 | D:2      | Reached XP level 3. HP: 15/28 MP: 4/6
  1209 | D:2      | Learned a level 3 spell: Spider Form
  1445 | D:2      | Noticed Robin
  1936 | D:1      | Killed Robin
  1936 | D:1      | Reached XP level 4. HP: 25/36 MP: 4/7
  2035 | D:2      | Reached skill level 1 in Poison Magic
  3152 | D:2      | Found a runed translucent door.
  3153 | D:2      | Noticed Crazy Yiuf
  3162 | D:2      | Killed Crazy Yiuf
  3162 | D:2      | Reached XP level 5. HP: 11/41 MP: 4/8
  4177 | D:4      | Found a glowing drain.
  4211 | Sewer    | Entered a sewer
  4359 | Sewer    | Reached skill level 4 in Unarmed Combat
  4504 | Sewer    | Reached XP level 6. HP: 43/50 MP: 7/10
  5174 | D:4      | Your scales start taking on a dull iron-grey colour.
  5174 | D:4      | Reached XP level 7. HP: 37/57 MP: 9/11
  5174 | D:4      | Gained mutation: You can survive without breathing. [Grey
                  | Draconian growth]
  5385 | D:4      | Reached skill level 5 in Unarmed Combat
  5620 | D:4      | Found a staircase to the Ecumenical Temple.
  5950 | D:4      | Found a bloodstained altar of Trog.
  6051 | D:5      | Entered Level 5 of the Dungeon
  6062 | D:5      | Learned a level 5 spell: Blade Hands
  6136 | D:5      | Found a sacrificial altar of Ru.
  6174 | D:5      | Became a worshipper of Ru the Awakened
  6183 | D:5      | Found a shadowy altar of Dithmenos.
  6183 | D:5      | Found a glowing golden altar of the Shining One.
  6185 | D:5      | Found a broken altar of Ashenzari.
  6922 | D:6      | Found Yhuhoech's Gadget Emporium.
  7068 | D:6      | Found a snail-covered altar of Cheibriados.
  7076 | D:6      | Reached skill level 5 in Transmutations
  7231 | D:6      | Noticed Duvessa
  7231 | D:6      | Noticed Dowan
  7243 | D:6      | Killed Duvessa
  7243 | D:6      | Reached XP level 8. HP: 55/66 MP: 7/13
  7255 | D:6      | Killed Dowan
  7611 | D:6      | Reached skill level 6 in Unarmed Combat
  7929 | D:6      | Noticed a troll
  7975 | D:6      | Slain by a troll

Illustrated notes

Levels and vault maps discovered:
D:1:      dpeg_arrival_renting, layout_basic, dk_noncrumbling_2, minivault_23,
          chequers_mini_garden
D:2:      layout_loops_corners, hex_large, minmay_vboxes,
          uniq_crazy_yiuf_cottage, uniq_robin
D:3:      layout_rooms
D:4:      layout_cave_pools, nicolae_overflow_hidden_temple,
          minmay_temple_entry_junction, gup_sewer_entry_pipe
D:5:      layout_loops_ring, gammafunk_temple_overflow_forgotten,
          nicolae_ru_awakened_eye, minmay_hedge_maze
D:6:      minmay_chambers_of_sixes, layout_basic, kennysheep_slug_shrine,
          serial_shops, nicolae_shop_waterfront, uniq_duvessa

Skill      XL: |  1  2  3  4  5  6  7  8 |
---------------+-------------------------+-----
Dodging        | 2 3 |  3.9
Poison Magic   | 1 2 |  2.0
Transmutations | 3 4 5 |  5.7
Fighting       | 2 3 4 |  4.1
Unarmed Combat | 4 5 6 |  6.1
Spellcasting   | 3 |  3.9

Action                   |  1- 3 |  4- 6 |  7- 9 || total
-------------------------+-------+-------+-------++-------
Melee: Unarmed           |    96 |   274 |   154 ||   524
       Tailslap          |     4 |     7 |     5 ||    16
       Kick              |    10 |    18 |     4 ||    32
       Headbutt          |     6 |     8 |     3 ||    17
       Punch             |       |     3 |       ||     3
 Cast: Beastly Appendage |    14 |    18 |     5 ||    37
       Spider Form       |     5 |    21 |    16 ||    42
  Use: Scroll            |       |     9 |     5 ||    14
 Stab: Sleeping          |       |     1 |       ||     1
Armor: Skin              |    23 |    61 |    20 ||   104
Dodge: Dodged            |    65 |   289 |   112 ||   466

Table legend: (Time is in decaauts)
 A = Elapsed time spent in this place.
 B = Non-inter-level travel time spent in this place.
 C = Inter-level travel time spent in this place.
 D = Time resting spent in this place.
 E = Time spent auto-exploring this place.
 F = Levels seen in this place.
 G = Mean time per level.
                   A        B        C        D        E       F      G
               +--------+--------+--------+--------+--------+-----+--------+
         Total |   7952 |   7806 |    146 |   1221 |   5328 |   7 | 1136.0 |
       Dungeon |   7090 |   6944 |    146 |   1221 |   4723 |   6 | 1181.7 |
         Sewer |    861 |    861 |      0 |      0 |    605 |   1 |  861.0 |
               +--------+--------+--------+--------+--------+-----+--------+

Top non-repeatable levels by time:
     D:1: 1812 daAuts
     D:2: 1642 daAuts
     D:4: 1104 daAuts
     D:6: 1053 daAuts
   Sewer: 861 daAuts
     D:5: 859 daAuts
     D:3: 617 daAuts
